 Dungeon Crawl Stone Soup version 0.28-a0-697-g47f3eba078 (webtiles) character file.

Game seed: 13138612705215319061

248 Gargoyl the Skirmisher (level 6, -2/53 HPs)
             Began as a Gnoll Abyssal Knight on Oct 23, 2021.
             Was a Believer of Lugonu.
             Killed by divine providence
             ... invoked by an orc priest
              (12 damage)
             ... on level 4 of the Dungeon.
             The game lasted 00:03:43 (3567 turns).

Gargoyl the Skirmisher (Gnoll Abyssal Knight)       Turns: 3567, Time: 00:03:43

Health: -2/53      AC:  4    Str: 14    XL:     6   Next: 12%
Magic:  8/9        EV: 12    Int: 10    God:    Lugonu [**....]
Gold:   100        SH:  0    Dex: 12    Spells: 8/8 levels left

rFire   . . .      SeeInvis +   a - +1 hand axe (flame)
rCold   . . .      Faith    .   (no shield)
rNeg    . . .      Spirit   .   b - +0 leather armour
rPois   .          Reflect  .   k - +0 helmet
rElec   .          Harm     .   (no cloak)
rCorr   .          Rampage  .   (no gloves)
Will    .....                   (no boots)
Stlth   ++........              (no amulet)
HPRegen 0.17/turn               c - ring of see invisible
MPRegen 0.11/turn               (no ring)

@: hasted, studying Slings, very quick
A: fangs 1, strong nose, distributed training
a: Renounce Religion, Depart the Abyss, Bend Space


You were on level 4 of the Dungeon.
You worshipped Lugonu.
Lugonu was pleased with you.
You visited 1 branch of the dungeon, and saw 4 of its levels.
You visited the Abyss 1 time.

You collected 100 gold pieces.

Inventory:

Hand Weapons
 a - a +1 hand axe of flaming (weapon)
 m - a +0 war axe
Armour
 b - a +0 leather armour (worn)
 k - a +0 helmet (worn)
Jewellery
 c - a ring of see invisible (left hand)
Wands
 e - a wand of paralysis (8)
Scrolls
 i - a scroll of magic mapping {unknown}
 j - a scroll of identify {unknown}
 n - a scroll of noise {unknown}


   Skills:
 + Level 6.8 Fighting
 + Level 1.8 Short Blades
 + Level 1.8 Long Blades
 + Level 4.9 Axes
 + Level 1.8 Maces & Flails
 + Level 1.8 Polearms
 + Level 1.8 Staves
 + Level 2.3 Slings
 + Level 1.8 Bows
 + Level 1.8 Crossbows
 + Level 1.8 Throwing
 + Level 4.9 Armour
 + Level 3.1 Dodging
 + Level 1.8 Stealth
 + Level 1.8 Shields
 + Level 1.8 Unarmed Combat
 + Level 1.8 Spellcasting
 + Level 1.4 Conjurations
 + Level 1.4 Hexes
 + Level 1.4 Summonings
 + Level 1.4 Necromancy
 + Level 1.4 Translocations
 + Level 1.4 Transmutations
 + Level 1.4 Fire Magic
 + Level 1.4 Ice Magic
 + Level 1.4 Air Magic
 + Level 1.4 Earth Magic
 + Level 1.4 Poison Magic
 + Level 5.0 Invocations
 + Level 1.8 Evocations


You had 8 spell levels left.
You didn't know any spells.
Your spell library contained the following spells:

 Spells                   Type           Power      Damage    Failure   Level
 Corpse Rot               Necr/Air       6%         N/A       32%         2
 Poisonous Vapours        Pois/Air       6%         N/A       32%         2


Dungeon Overview and Level Annotations

Branches:
Dungeon (4/15)
 Temple: D:4-7

Altars:

Shops:
D:2 *


Innate Abilities, Weirdness & Mutations

You have very sharp teeth.
Your uncanny sense of smell can sniff out nearby items.
Your experience applies equally to all skills.


Message History

Your ball python bites the gnoll but does no damage.
Your ball python constricts the gnoll.
You barely miss the orc priest.
The gnoll escapes!
The orc priest hits you but does no damage.
Unknown command.
You hit the orc priest. You burn the orc priest.
The orc priest is heavily wounded.
You hit the orc. You burn the orc.
Unknown command.
You hit the orc priest but do no damage.
The orc priest is heavily wounded.
You hit the orc but do no damage.
Unknown command.
As you read the scroll of summoning, it crumbles to dust.
Wisps of shadow whirl around you... The gnoll barely misses your kobold.
The orc hits you with a +0 whip.
* * * LOW HITPOINT WARNING * * *
The orc priest looks encouraged for a moment.
Unknown command.
The gnoll hits your kobold with a +0 spear!
Your kobold dies!
Your kobold's corpse dissolves into shadows!
The orc misses you.
You swap places.
Your goblin hits the orc with a +2 dagger of venom.
The orc is poisoned.
Your kobold hits the necrophage with a +0 short sword.
The orc closely misses your goblin. The necrophage hits your kobold.
Your kobold dies!
Your kobold's corpse dissolves into shadows!
You hit the orc. You burn the orc.
You kill the orc!
Lugonu accepts your kill.
The gnoll barely misses your ball python.
Your ball python completely misses the gnoll.
Your ball python barely misses the gnoll.
The orc closely misses your goblin.
The orc priest mumbles some strange prayers to Beogh against you.
Beogh smites you!
You die...

...................
##.................
#.......?.........
......##.g.........
..#.....ssS...... .
##(....Sg...#..
##.....no..# . ∆
#....Og..##
#...#@ooo#
#...#...(.... .
#.........
...(......
...........
........(...
............
.........#.


You could see an ogre, a necrophage, 2 scorpions, an orc priest, 2 gnolls, an
adder, 3 orcs, a friendly goblin (summoned) and a friendly ball python
(summoned).

Vanquished Creatures
  A sky beast (Abyss:2)
  Ijyb (D:3)
  Robin (D:3)
  4 adders
  3 worms
  A dart slug (D:2)
  4 orcs
  8 bats
  4 endoplasms
  2 giant cockroaches (D:1)
  10 goblins
  7 hobgoblins
  4 jackals (D:3)
  4 quokkas
  4 ball pythons
  3 frilled lizards
  3 rats
64 creatures vanquished.

Vanquished Creatures (others)
  A lurking horror (Abyss:2)
1 creature vanquished.

Grand Total: 65 creatures vanquished

Notes
Turn   | Place    | Note
-------+----------+-------------------------------------------
     0 | Abyss:1  | Gargoyl the Gnoll Abyssal Knight began the quest for the
                  | Orb.
     0 | Abyss:1  | Reached XP level 1. HP: 23/23 MP: 3/3
    69 | Abyss:2  | Noticed a sky beast
    79 | Abyss:2  | Killed a sky beast
    80 | Abyss:2  | Reached skill level 1 in Short Blades
    80 | Abyss:2  | Reached skill level 1 in Long Blades
    80 | Abyss:2  | Reached skill level 1 in Maces & Flails
    80 | Abyss:2  | Reached skill level 1 in Polearms
    80 | Abyss:2  | Reached skill level 1 in Staves
    80 | Abyss:2  | Reached skill level 1 in Slings
    80 | Abyss:2  | Reached skill level 1 in Bows
    80 | Abyss:2  | Reached skill level 1 in Crossbows
    80 | Abyss:2  | Reached skill level 1 in Throwing
    80 | Abyss:2  | Reached skill level 1 in Stealth
    80 | Abyss:2  | Reached skill level 1 in Shields
    80 | Abyss:2  | Reached skill level 1 in Unarmed Combat
    80 | Abyss:2  | Reached skill level 1 in Spellcasting
    80 | Abyss:2  | Reached skill level 1 in Conjurations
    80 | Abyss:2  | Reached skill level 1 in Hexes
    80 | Abyss:2  | Reached skill level 1 in Summonings
    80 | Abyss:2  | Reached skill level 1 in Necromancy
    80 | Abyss:2  | Reached skill level 1 in Translocations
    80 | Abyss:2  | Reached skill level 1 in Transmutations
    80 | Abyss:2  | Reached skill level 1 in Fire Magic
    80 | Abyss:2  | Reached skill level 1 in Ice Magic
    80 | Abyss:2  | Reached skill level 1 in Air Magic
    80 | Abyss:2  | Reached skill level 1 in Earth Magic
    80 | Abyss:2  | Reached skill level 1 in Poison Magic
    80 | Abyss:2  | Reached skill level 1 in Evocations
    80 | Abyss:2  | Reached XP level 2. HP: 3/29 MP: 5/5
    80 | Abyss:2  | Reached XP level 3. HP: 4/35 MP: 6/6
    80 | Abyss:2  | Reached XP level 4. HP: 4/41 MP: 7/7
   134 | Abyss:2  | Noticed a smoke demon
   135 | D:1      | Escaped the Abyss
   393 | D:1      | Noticed a draconian
   398 | D:1      | Noticed a tengu
   402 | D:1      | Noticed an ogre
   402 | D:1      | Noticed an octopode
   404 | D:1      | Noticed a demigod
   404 | D:1      | Noticed a dwarf
   406 | D:1      | Noticed a demonspawn
   408 | D:1      | Noticed a troll
   408 | D:1      | Noticed a demonspawn
   410 | D:1      | Noticed a felid
   410 | D:1      | Noticed a ghoul
   412 | D:1      | Noticed a formicid
   575 | D:1      | Reached * piety under Lugonu
  1144 | D:2      | Reached XP level 5. HP: 46/47 MP: 8/8
  1269 | D:2      | Found Nietz's Assorted Antiques.
  2110 | D:2      | Found a faded altar of an unknown god.
  2367 | D:3      | Noticed Ijyb
  2387 | D:3      | Paralysed by Ijyb for 3 turns
  2395 | D:3      | Paralysed by Ijyb for 3 turns
  2400 | D:3      | Killed Ijyb
  2522 | D:3      | Reached ** piety under Lugonu
  2590 | D:3      | Noticed Robin
  2605 | D:3      | Killed Robin
  2979 | D:3      | Reached skill level 5 in Invocations
  2985 | D:3      | Reached XP level 6. HP: 30/53 MP: 9/9
  3550 | D:4      | Noticed a necrophage
  3558 | D:4      | HP: 2/53 [gnoll (3)]
  3567 | D:4      | Killed from afar by an orc priest

Illustrated notes

Levels and vault maps discovered:
D:1:      shiori_arrival_whats_in_store_for_you, layout_loops_ring
D:2:      layout_basic, shapermc_ecumenical_altar_hornbeckon, serial_shops,
          nicolae_shop_overgrown_old_shop
D:3:      layout_loops_ring, roderic_st_hans_cross, uniq_ijyb, uniq_robin
D:4:      layout_cave_pools, minmay_temple_entry_hall

Skill      XL: |  1  2  3  4  5 |
---------------+----------------+-----
Short Blades   | 1 |  1.8
Long Blades    | 1 |  1.8
Maces & Flails | 1 |  1.8
Polearms       | 1 |  1.8
Staves         | 1 |  1.8
Slings         | 1 2 |  2.3
Bows           | 1 |  1.8
Crossbows      | 1 |  1.8
Throwing       | 1 |  1.8
Stealth        | 1 |  1.8
Shields        | 1 |  1.8
Unarmed Combat | 1 |  1.8
Spellcasting   | 1 |  1.8
Conjurations   | 1 |  1.4
Hexes          | 1 |  1.4
Summonings     | 1 |  1.4
Necromancy     | 1 |  1.4
Translocations | 1 |  1.4
Transmutations | 1 |  1.4
Fire Magic     | 1 |  1.4
Ice Magic      | 1 |  1.4
Air Magic      | 1 |  1.4
Earth Magic    | 1 |  1.4
Poison Magic   | 1 |  1.4
Evocations     | 1 |  1.8
Dodging        | 3 |  3.1
Invocations    | 5 |  5.0
Fighting       | |  6.8
Axes           | |  4.9
Armour         | |  4.9

Action                   |  1- 3 |  4- 6 || total
-------------------------+-------+-------++-------
Melee: Hand axe          |     8 |   267 ||   275
       Bite              |       |    18 ||    18
       Punch             |       |     1 ||     1
Invok: Depart the Abyss  |       |     1 ||     1
       Bend Space        |       |     2 ||     2
  Use: Potion            |     2 |     4 ||     6
       Scroll            |       |     3 ||     3
 Stab: Sleeping          |       |     2 ||     2
Armor: Leather armour    |     2 |    68 ||    70
       Skin              |       |    17 ||    17
Dodge: Dodged            |     2 |   171 ||   173

Table legend: (Time is in decaauts)
 A = Elapsed time spent in this place.
 B = Non-inter-level travel time spent in this place.
 C = Inter-level travel time spent in this place.
 D = Time resting spent in this place.
 E = Time spent auto-exploring this place.
 F = Levels seen in this place.
 G = Mean time per level.
                   A        B        C        D        E       F      G
               +--------+--------+--------+--------+--------+-----+--------+
         Total |   3585 |   3565 |     20 |    219 |   2675 |   6 |  597.5 |
       Dungeon |   3449 |   3429 |     20 |    219 |   2581 |   4 |  862.2 |
         Abyss |    135 |    135 |      0 |      0 |     94 |   2 |   67.5 |
               +--------+--------+--------+--------+--------+-----+--------+

Top non-repeatable levels by time:
     D:2: 1248 daAuts
     D:3: 1190 daAuts
     D:1: 997 daAuts
 Abyss:2: 102 daAuts
 Abyss:1: 33 daAuts
     D:4: 14 daAuts
